Unix NetHack Version 3.7.0-86 Work-in-progress - last build May 30 2023 11:53:40 (cc98dc9aa62a9957b082a042edf5bd7ec9f632c7,branch:master). Game began 2023-05-31 15:25:32, ended 2023-05-31 16:17:06. Mishka, lawful female dwarven Valkyrie -------- ------------ -------- |......| |..........| |......| |.....^| |..........| ------- |......| |.......# |...........h #$..$..| |......-#########|.^....|# |........f.|' #|...... |......| #-....).|# ------------## #|.....| --.---.- #--------# # #|.....| ##### ####### ## # #------- # ## # # ## 0#### # # # # # ## # # # ### # ### # # # # ### ## # #------------.- ## # ---.-# ----.----# #|............| #-----# |....# |....^...# #.............| ##-....# |...|####-<.^....| |............-####|...| |...-# |.......| |............| #|...| |...| |.......| |........|...| |...| ----- --------- -------------- ----- Mishka the Fighter St:12 Dx:15 Co:18 In:7 Wi:13 Ch:7 Lawful S:4539 Dlvl:8 $:2389 HP:0(71) Pw:10(10) AC:-1 Xp:6/450 T:5257 Latest messages: You stop eating the rothe corpse. You hit the rothe! The rothe just misses! The rothe misses! The rothe misses! You hit the rothe. The rothe hits! The rothe bites! The rothe misses! You kill the rothe! You see here a rothe corpse. The housecat eats a partly eaten rothe corpse. There is a rothe corpse here; eat it? [ynq] (n) Blecch! Rotten food! You feel rather light headed. The housecat eats a rothe corpse. You finish eating the rothe corpse. You feel less confused now. What do you want to eat? [eNO or ?*] Never mind. You swap places with your housecat. You see here a rothe corpse. There is a rothe corpse here; eat it? [ynq] (n) This rothe corpse tastes terrible! You finish eating the rothe corpse. You hit the clay golem! The clay golem just misses! You hit the clay golem! You hit the clay golem! You hit the clay golem! The clay golem hits! You hit the clay golem. You hit the clay golem! The clay golem hits! You hit the clay golem! The clay golem hits! You swap places with your housecat. You swap places with your housecat. You swap places with your housecat. You swap places with your housecat. You swap places with your housecat. You stop. Your housecat is in the way! You swap places with your housecat. The clay golem hits! You die... Do you want your possessions identified? [ynq] (y) Do you want to see your attributes? [ynq] (y) Do you want an account of creatures vanquished? [ynaq] (y) Do you want to see your conduct and achievements? [ynq] (y) Do you want to see the dungeon overview? [ynq] (y) Inventory: Coins $ - 2389 gold pieces Amulets C - a cursed amulet of change Weapons a - a +1 dwarvish spear (weapon in hand) h - 2 +0 orcish daggers n - a blessed +1 orcish dagger (alternate weapon; not wielded) Armor c - an uncursed +3 small shield (being worn) j - an uncursed +0 orcish helm (being worn) o - an uncursed +0 dwarvish mithril-coat (being worn) Comestibles e - an uncursed tripe ration N - an uncursed food ration O - an uncursed lizard corpse Scrolls f - a cursed scroll of teleportation p - an uncursed scroll of food detection s - a blessed scroll of destroy armor x - an uncursed scroll of scare monster B - an uncursed scroll of gold detection H - an uncursed scroll of blank paper Spellbooks b - an uncursed spellbook of sleep Potions k - an uncursed potion of gain ability l - an uncursed potion of water t - an uncursed potion of see invisible u - an uncursed potion of speed y - a cursed potion of gain energy A - a blessed potion of fruit juice D - an uncursed potion of oil E - an uncursed potion of full healing F - an uncursed potion of sleeping I - a blessed potion of object detection L - an uncursed potion of healing Q - an uncursed potion of hallucination Rings m - an uncursed ring of teleport control Wands i - a wand of cold (0:5) K - a wand of sleep (0:7) Tools J - an uncursed skeleton key M - a +0 unicorn horn Gems/Stones v - an uncursed worthless piece of orange glass w - an uncursed worthless piece of red glass Mishka the Valkyrie's attributes: Background: You were a Fighter, a level 6 dwarven Valkyrie. You were lawful, on a mission for Tyr who was opposed by Odin (neutral) and Loki (chaotic). You were in the Dungeons of Doom, on level 8. You entered the dungeon 5257 turns ago. You had 450 experience points, 190 more were needed to attain level 7. Your score was 4539 before end-of-game adjustments. Basics: You had 0 out of 71 hit points. You had all 10 energy points (spell power). Your armor class was -1. Your wallet contained 2389 zorkmids. Autopickup was on for '$?/+"=!%*' plus thrown, with exceptions. Final Characteristics: Your strength was 12 (peak:14, limit:18/100). Your dexterity was 15 (limit:20). Your constitution was 18 (peak:19, limit:20). Your intelligence was 7 (limit:16). Your wisdom was 13 (limit:16). Your charisma was 7 (limit:16). Final Status: You were not hungry. You were unencumbered. You were wielding a spear. You were skilled in spear. Final Attributes: You were piously aligned. You were cold resistant. You had infravision. You were stealthy. You were guarded. You are dead (2nd time!). Miscellaneous: You never encountered a bones level. Total elapsed playing time was 51 minutes and 33 seconds. Major events: Turn 1: Mishka the lawful dwarven Valkyrie entered the dungeon 792: attained the rank of Skirmisher (level 3) 2982: entered the Gnomish Mines 4145: attained the rank of Fighter (level 6) 5194: averted death (killed by a rothe) 5257: killed by a clay golem Vanquished creatures: a crocodile a lizard a black unicorn a snake a bugbear an imp a mountain nymph a rock mole a pony 2 yellow lights a gray ooze a straw golem a paper golem a kitten 3 homunculi a kobold leader a kobold shaman 9 hill orcs 4 rothes a rabid rat 4 giant bats 3 werejackals 2 iguanas an acid blob 2 coyotes a hobbit a large kobold 2 hobgoblins 7 giant rats 2 cave spiders 2 yellow molds a red mold a gnome 2 geckos 7 jackals 2 foxes 5 goblins 2 sewer rats 4 grid bugs a bat 7 lichens 6 newts 99 creatures vanquished. No species were genocided or became extinct. Voluntary challenges: You read items or engraved 4 times. You engraved Elbereth 2 times. You never genocided any monsters. You never polymorphed an object. You never changed form. You used no wishes. Achievements: You attained the rank of Skirmisher. You entered a shop. You entered the Gnomish Mines. You attained the rank of Fighter. The Dungeons of Doom: levels 1 to 8 Level 1: Level 2: A fountain. Level 3: An altar to Tyr. Level 4: A bookstore, an altar to Tyr, a fountain. Stairs down to The Gnomish Mines. Level 5: Level 6: A fountain. Level 7: Many fountains. Level 8: <- You were here. A grave. Final resting place for you, killed by a clay golem. The Gnomish Mines: Level 5: Game over: ---------- / \ / REST \ / IN \ / PEACE \ / \ | Mishka | | 2389 Au | | killed by a clay | | golem | | | | | | 2023 | *| * * * | * _________)/\\_//(\/(/\)/\//\/|_)_______ Farvel Mishka the Valkyrie... You died in The Dungeons of Doom on dungeon level 8 with 4301 points, and 2389 pieces of gold, after 5257 moves. You were level 6 with a maximum of 71 hit points when you died.